 Dungeon Crawl Stone Soup version 0.29.0-15-g675c0067aa (webtiles) character file.

Game seed: 13434319192710836055

305604 Zonian the Warrior (level 20, -9/172 HPs)
             Began as a Demonspawn Gladiator on Sept 11, 2022.
             Was an Initiate of Gozag.
             Mangled by a dire elephant (34 damage)
             ... on level 3 of the Vaults.
             The game lasted 02:56:52 (55529 turns).

Zonian the Warrior (Demonspawn Gladiator)          Turns: 55529, Time: 02:57:16

Health: -9/172     AC:  9    Str: 18    XL:     20   Next: 28%
Magic:  29/32      EV: 25    Int: 10    God:    Gozag
Gold:   7191       SH:  8    Dex: 34    Spells: 17/35 levels left

rFire   . . .      SeeInvis .   K - +7 Singing Sword {vorpal, sonic wave}
rCold   + . .      Faith    .   v - +0 buckler
rNeg    + . .      Spirit   .   M - +3 leather armour of the Old and Reckless {Will+ Regen+}
rPois   +          Reflect  .   n - +2 helmet of Happy Babbling {Rampage *Slow rElec rCorr}
rElec   +          Harm     .   O - scarf {repulsion}
rCorr   +          Rampage  +   (no gloves)
Will    ++...                   (boots unavailable)
Stlth   ++++++++..              (no amulet)
HPRegen 1.18/turn               x - ring of Nicwuom {rPois rN+ Dex+6 Slay+2}
MPRegen 0.23/turn               S - ring of Lyes Dusch {Fly rElec rC+ Dex+2}

@: gold aura, flying, slowed, studying 3 skills, repel missiles, very slow
A: hooves 3, thin skeletal structure 3, demonic guardian 3, foul stench 2
}: 2/15 runes: barnacled, gossamer
a: Renounce Religion, Potion Petition, Call Merchant, Bribe Branch


You were on level 3 of the Vaults.
You worshipped Gozag.
Gozag was greatly pleased with you.
You visited 7 branches of the dungeon, and saw 36 of its levels.
You visited 1 bazaar.
You also visited: Gauntlet.

You collected 15161 gold pieces.
You spent 4223 gold pieces at shops.
You paid 3747 gold pieces to Gozag.

Inventory:

Hand Weapons
 y - the +7 demon blade of Action {vamp, Int+5}
   (You took it off a merfolk impaler on level 4 of the Shoals)

   It occasionally heals its wielder for a portion of the damage dealt when it
   wounds a living foe.
   Int:       It affects your intelligence (+5).
 B - the +11 rapier "Zulon" {vorpal, *Noise rN+++ Str-2 Int+4}
   (You bought it in a shop on level 6 of the Dungeon)

   It inflicts extra damage upon your enemies.
   Str:       It affects your strength (-2).
   Int:       It affects your intelligence (+4).
   rN:        It renders you almost immune to negative energy.
   *Noise:    It may make noises in combat.
 K - the +7 Singing Sword (weapon) {vorpal, sonic wave}
   (You took it off a deep elf death mage on level 3 of the Elven Halls)

   It inflicts extra damage upon your enemies.
   It radiates damaging sonic waves as it strikes, especially in combat
   involving dangerous or numerous foes.
 V - the +12 double sword of Annihilation {freeze, rElec rPois Int+4 Dex-3}
   (You took it off a deep elf pyromancer on level 3 of the Elven Halls)

   It freezes those it strikes, dealing additional cold damage.
   It can also slow down cold-blooded creatures.
   Int:       It affects your intelligence (+4).
   Dex:       It affects your dexterity (-3).
   rElec:     It insulates you from electricity.
   rPois:     It protects you from poison.
Missiles
 e - 25 javelins (quivered)
 i - 37 poisoned darts
 j - 2 atropa-tipped darts
 C - 4 curare-tipped darts
 D - a throwing net
 E - 2 silver javelins
 W - 4 boomerangs of dispersal
Armour
 n - the +2 helmet of Happy Babbling (worn) {Rampage *Slow rElec rCorr}
   (You bought it in a shop on level 11 of the Dungeon)

   rElec:     It insulates you from electricity.
   rCorr:     It protects you from acid and corrosion.
   *Slow:     It may slow you when you take damage.
   Rampage:   It bestows one free step when moving towards enemies.
 v - a +0 buckler (worn)
 M - the +3 leather armour of the Old and Reckless (worn) {Will+ Regen+}
   (You found it on level 9 of the Dungeon)

   Regen:     It increases your rate of health regeneration.
   Will:      It increases your willpower.
 O - a scarf of repulsion (worn)
 Q - an orb of light
Jewellery
 k - a ring of magical power
 o - the ring "Seschulim" {rN+ Str+2 Dex-4 SInv}
   (You found it in a Gauntlet)

   [ring of see invisible]

   Str:       It affects your strength (+2).
   Dex:       It affects your dexterity (-4).
   rN:        It protects you from negative energy.
   SInv:      It lets you see invisible.
 u - the ring "Zoamiegh" {rPois Str+6 Stlth+}
   (You took it off a minotaur in a Gauntlet)

   [ring of strength]

   Str:       It affects your strength (+6).
   rPois:     It protects you from poison.
   Stlth:     It makes you more stealthy.
 x - the ring of Nicwuom (left hand) {rPois rN+ Dex+6 Slay+2}
   (You acquired it on level 4 of the Lair of Beasts)

   [ring of dexterity]

   Dex:       It affects your dexterity (+6).
   Slay:      It affects your accuracy & damage with ranged weapons and melee
   (+2).
   rPois:     It protects you from poison.
   rN:        It protects you from negative energy.
 z - a ring of ice
 F - a +6 ring of intelligence
 H - the dreamshard necklace {*Dream Drain}
   (You found it on level 4 of the Shoals)

   [amulet of nothing]

   It shatters if its wearer takes lethal or near-lethal damage, preventing the
   blow and releasing protective dreams that heal and fight for the wearer.
   Drain:     It drains your maximum health when unequipped.
 J - an amulet of guardian spirit
 S - the ring of Lyes Dusch (right hand) {Fly rElec rC+ Dex+2}
   (You bought it in a shop on level 3 of the Dungeon)

   [ring of protection from cold]

   Dex:       It affects your dexterity (+2).
   rC:        It protects you from cold.
   rElec:     It insulates you from electricity.
   Fly:       It grants you flight.
 Y - a ring of magical power
Wands
 c - a wand of charming (18)
 p - a wand of flame (23)
 R - a wand of roots (13)
 U - a wand of digging (9)
Scrolls
 b - a scroll of butterflies
 f - 2 scrolls of brand weapon
 q - a scroll of fear
 r - 5 scrolls of teleportation
 t - 2 scrolls of blinking
 A - 5 scrolls of magic mapping
 N - 6 scrolls of enchant weapon
 P - 5 scrolls of poison
Potions
 d - 4 potions of haste
 g - 5 potions of might
 l - 7 potions of curing
 m - 4 potions of cancellation
 s - 12 potions of ambrosia
 w - 10 potions of magic
 G - 8 potions of brilliance
 I - 2 potions of invisibility
 L - 3 potions of berserk rage
 Z - 2 potions of resistance
Miscellaneous
 a - a phantom mirror
 T - a tin of tremorstones (2/2)
 X - a lightning rod (3/4)


   Skills:
 + Level 18.9 Fighting
 - Level 14.0(15.5) Short Blades
 + Level 11.2(14.1) Long Blades
 - Level 3.0 Throwing
 - Level 4.0 Armour
 - Level 11.0 Dodging
 - Level 8.0 Stealth
 - Level 5.0 Shields
 - Level 8.0 Spellcasting
 + Level 14.1 Necromancy
 - Level 8.0 Translocations
 - Level 8.0 Transmutations
 + Level 10.8 Earth Magic
 - Level 8.0 Evocations


You had 17 spell levels left.
You knew the following spells:

 Your Spells              Type           Power      Damage    Failure   Level
a - Vampiric Draining     Necr           32%        2d8       1%          3
b - Borgnjor's Vile Clut  Necr/Erth      14%        N/A       4%          5
c - Blink                 Tloc           40%        N/A       1%          2
d - Wereblood             Tmut           20%        N/A       1%          2
e - Death Channel         Necr           16%        N/A       12%         6

Your spell library contained the following spells:

 Spells                   Type           Power      Damage    Failure   Level
 Apportation              Tloc           40%        N/A       1%          1
 Sandblast                Erth           50%        2d12      1%          1
 Passwall                 Tmut/Erth      18%        N/A       1%          2
 Sublimation of Blood     Necr           32%        N/A       1%          2
 Sting                    Tmut/Pois      48%        1d5       4%          1
 Stone Arrow              Conj/Erth      28%        3d8       9%          3
 Portal Projectile        Hex/Tloc       24%        N/A       14%         3
 Spider Form              Tmut/Pois      12%        N/A       14%         3
 Magic Dart               Conj           16%        1d3       26%         1
 Shock                    Conj/Air       16%        1d4       26%         1
 Slow                     Hex            16%        N/A       26%         1
 Ignite Poison            Fire/Tmut/Pois 9%         N/A       26%         3
 Leda's Liquefaction      Hex/Erth       7%         N/A       28%         4
 Call Imp                 Summ           4%         N/A       36%         2
 Searing Ray              Conj           8%         2d4       36%         2
 Ice Form                 Ice/Tmut       12%        N/A       43%         4
 Call Canine Familiar     Summ           4%         N/A       58%         3
 Confusing Touch          Hex            4%         N/A       58%         3
 Conjure Flame            Conj/Fire      4%         6-21      58%         3
 Frozen Ramparts          Ice            8%         1d2       58%         3
 Inner Flame              Hex/Fire       4%         N/A       58%         3
 Mephitic Cloud           Conj/Pois/Air  4%         N/A       58%         3
 Ozocubu's Armour         Ice            4%         N/A       58%         3
 Alistair's Intoxication  Tmut/Pois      8%         N/A       80%         5
 Summon Forest            Summ/Tloc      6%         N/A       80%         5
 Yara's Violent Unravell  Hex/Tmut       6%         3d5       80%         5
 Dispersal                Tloc           10%        N/A       82%         6
 Cause Fear               Hex            2%         N/A       94%         4
 Fulminant Prism          Conj/Hex       2%         3d6       94%         4
 Sticky Flame             Conj/Fire      4%         2d3       94%         4
 Summon Ice Beast         Ice/Summ       4%         N/A       94%         4
 Fireball                 Conj/Fire      2%         3d4       100%        5
 Freezing Cloud           Conj/Ice/Air   2%         6-21      100%        5
 Iskenderun's Battlesphe  Conj           4%         2d6       100%        5
 Conjure Ball Lightning   Conj/Air       2%         3x3d6     100%        6
 Eringya's Noxious Bog    Tmut/Pois      6%         N/A       100%        6
 Enfeeble                 Hex            2%         N/A       100%        7
 Orb of Destruction       Conj           2%         9d5       100%        7
 Ozocubu's Refrigeration  Ice            2%         4d7       100%        7
 Summon Hydra             Summ           2%         N/A       100%        7
 Discord                  Hex            2%         N/A       100%        8
 Disjunction              Tloc           10%        N/A       100%        8
 Polar Vortex             Ice            2%         N/A       100%        9
 Corpse Rot               Necr/Pois/Air  Unusable   N/A       N/A         4
 Simulacrum               Ice/Necr       Unusable   N/A       N/A         6

Dungeon Overview and Level Annotations

Branches:
Dungeon (15/15)            Temple (0/1) D:7            Lair (5/5) D:10
 Shoals (4/4) Lair:3       Spider (4/4) Lair:3        Slime (0/5) Lair:5
    Orc (2/2) D:9             Elf (3/3) Orc:2        Vaults (3/5) D:14
  Crypt (0/3) Vaults:2     Depths (0/4) D:15        Gauntlet (visited)

Altars:
Ashenzari
Cheibriados
Fedhas
Gozag
Kikubaaqudgha
Makhleb
Okawaru
Ru
Sif Muna
Trog
Uskayaw
Wu Jian
Xom
Yredelemnul
Jiyva

Shops:
D:3 =   D:6 [?!(!   D:11 [   Orc:2 :(:   Elf:2 [   Shoals:3 *   Shoals:4 (

Annotations:
D:2 1 runed translucent door, Crazy Yiuf
D:3 1 runed translucent door, Adrian566's ghost, amateur DsFi
D:6 1 runed translucent door, apoch's ghost, novice TrTm
Lair:1 3 runed translucent doors, Bronimir's ghost, journeyman OgFE
Lair:2 exclusion: oklob plant
Shoals:3 exclusion: ice statue
Spider:2 2 transporters, gelatine's ghost, journeyman MiFi
Elf:2 2 transporters, exclusion: door, Kyerol's ghost, adept TeSu
Vaults:2 3 runed translucent doors, Jase's ghost, adept MiFi
Vaults:3 Jory


Innate Abilities, Weirdness & Mutations

You have hooves in place of feet.
You have an unnaturally thin skeletal structure. (Dex +6, Stealth+++)
A powerful demonic guardian rushes to your aid.
You sometimes emit foul miasma when damaged in melee.


Message History

You send a blast of sound all around you.
The dire elephant is almost dead.
The dire elephant is moderately wounded.
You kick the dire elephant.
The dire elephant is almost dead.
The dire elephant completely misses you.
The dire elephant misses you.
You chop the dire elephant into pieces!!!
You kill the dire elephant!
The dire elephant tramples you!
You hold your ground!
The dire elephant trunk-slaps you but does no damage.
The dire elephant misses you.
The dire elephant trunk-slaps you but does no damage.
The dire elephant tramples you!!
You hold your ground!
You block the dire elephant's attack.
Your lightning rod (3/4) has regained one charge.
The dire elephant barely misses you. The dire elephant trunk-slaps you.
The dire elephant attacks as you move away!
The dire elephant tramples you!!
* * * LOW HITPOINT WARNING * * *
The dire elephant closely misses you. You block the dire elephant's attack.
The dire elephant completely misses you. x2
The dire elephant trunk-slaps you.
* * * LOW HITPOINT WARNING * * *
A demonic guardian appears!
Casting: Borgnjor's Vile Clutch (mildly dangerous; 4% risk of failure)
Confirm with . or Enter, or press ? or * to list all spells.
Aiming: Vampiric Draining (safe; 1% risk of failure)
Press: ? - help, Shift-Dir - straight line, f - dire elephant
Aim: a dire elephant (lightly wounded)
You draw life force from the dire elephant.
You feel life coursing into your body. The dire elephant tramples you!!
* * * LOW HITPOINT WARNING * * *
You are shoved backwards!
Your lorocyproca hits the dire elephant!!
The dire elephant closely misses your lorocyproca.
The dire elephant trunk-slaps your lorocyproca!
The dire elephant tramples you!!
You die...
Your body crumbles into a pile of gold.

#.....#.# ......$.#
#######'#
#.....$.#..#
#.......#..#
#.......#..#
#.....Y.#..#
#.....2Y#..#
#......@#..#
#...#.......#..#
######...#.......'..#
.........#.......#..#
.........#.).....#..#
.........#.......#..#
#........#########..#
#...................#
#...................#


You could see 2 dire elephants and a friendly lorocyproca (summoned, invisible).

Vanquished Creatures
  Mennas (Vaults:3)
  Mara (Vaults:3)
  A tentacled monstrosity (Vaults:2)
  Zenata (Vaults:3)
  Asterion (D:14)
  3 deep elf master archers (Elf:3)
  3 deep elf blademasters
  Gastronok (Lair:2)
  Polyphemus (Shoals:4)
  A tengu reaver (Vaults:1)
  Donald (Lair:3)
  A fire giant (Vaults:2)
  A frost giant (Vaults:2)
  3 orc warlords
  3 deep elf sorcerers (Elf:3)
  Aizul (Vaults:1)
  2 vault wardens
  2 emperor scorpions
  4 deep elf elementalists (Elf:3)
  11 very ugly things
  4 ironbound thunderhulks
  4 broodmothers (Spider:4)
  5 ironbound preservers
  A deep elf demonologist (Elf:3)
  Nessos (Lair:4)
  9 dire elephants
  5 spark wasps
  A stone giant (D:15)
  6 entropy weavers
  A minotaur (Gauntlet)
  6 deep elf annihilators (Elf:3)
  6 merfolk javelineers
  8 deep elf death magi
  A fire dragon (Lair:5)
  3 yaktaur captains
  2 deep elf high priests (Elf:3)
  Josephine (Lair:3)
  7 merfolk impalers
  Fannar (Lair:3)
  A rakshasa (D:14)
  2 great orbs of eyes
  A hell beast (Gauntlet)
  5 hydras
  A vault guard (Vaults:2)
  A jorogumo (Spider:4)
  7 boulder beetles
  3 merfolk aquamancers
  4 catoblepae
  9 ironbound frosthearts
  7 centaur warriors
  A radroach (Spider:1)
  2 two-headed ogres
  An ogre mage (Vaults:2)
  A death knight (D:13)
  A merfolk avatar (Shoals:3)
  3 tengu warriors
  4 satyrs
  17 dancing weapons
  3 alligator snapping turtles
  8 death yaks
  4 orc high priests
  Sonja (Lair:2)
  4 hell knights
  Urug (Lair:3)
  Amaemon (Lair:3)
  7 pharaoh ants
  A skeletal warrior (D:13)
  15 deep trolls
  14 deep elf knights
  A sun moth (Spider:4)
  5 steelbarb worms
  An orb spider (shapeshifter) (D:13)
  A swamp dragon (Lair:5)
  2 glowing orange brains (Vaults:2)
  10 sea snakes
  6 ironbound convokers
  12 lindwurms
  5 wizards
  9 orb spiders
  10 deep elf archers
  A necromancer (D:15)
  8 orc knights
  26 deep elf pyromancers
  21 harpies
  A wolf spider (shapeshifter) (Elf:2)
  20 deep elf zephyrmancers
  8 orc sorcerers
  A phantasmal warrior (D:13)
  24 ugly things
  8 fauns
  14 wolf spiders
  5 moths of wrath
  8 cyclopes
  9 merfolk sirens
  2 elephants (Lair:5)
  12 manticores
  6 black mambas
  7 vault sentinels
  9 cane toads
  A black mamba (shapeshifter) (D:13)
  8 torpor snails
  6 water nymphs
  5 demonic crawlers
  An orange demon (Lair:3)
  3 rime drakes
  9 yaktaurs
  A hellion (Gauntlet)
  9 komodo dragons
  A tengu conjurer (Shoals:4)
  4 trolls
  2 hornets (Spider:4)
  26 merfolk
  6 meliai
  5 wind drakes
  Grinder (D:5)
  15 tarantellas
  A polar bear (Lair:5)
  11 slime creatures
  12 dream sheep
  25 jumping spiders
  An air elemental (Elf:3)
  2 centaur simulacra (D:14)
  19 culicivoras
  15 snapping turtles
  7 water elementals
  A spriggan (shapeshifter) (Gauntlet)
  3 shadows
  7 wraiths
  4 wyverns
  2 basilisks
  73 yaks
  2 vampires
  A fire elemental (Elf:1)
  Eustachio (D:5)
  5 steam dragons
  5 vampire mosquitoes
  58 redbacks
  2 acid dragons (Lair:5)
  4 wargs
  2 hell hounds (Gauntlet)
  22 water moccasins
  26 orc warriors
  2 ice beasts
  A black bear (D:7)
  7 ogres
  10 wolves
  5 centaurs
  A phantom (D:4)
  2 kobold brigands
  Blork the orc (D:5)
  7 bullfrogs
  A gnoll sergeant (D:10)
  4 scorpions
  3 earth elementals
  9 wights (D:8)
  14 killer bees
  An electric eel (Lair:3)
  10 howler monkeys
  A hound (D:6)
  A jelly (D:7)
  14 orc priests
  An iron imp (D:5)
  8 iguanas
  23 orc wizards
  A hell rat (D:10)
  7 gnolls
  9 adders
  2 river rats (D:10)
  A shadow imp (D:6)
  2 white imps
  2 worms
  4 dart slugs
  72 orcs
  3 endoplasms
  2 giant cockroaches (D:1)
  8 goblins
  10 hobgoblins
  3 jackals (D:3)
  3 quokkas
  11 ball pythons
  13 bats
  9 frilled lizards
  18 kobolds
  12 rats
1229 creatures vanquished.

Vanquished Creatures (collateral kills)
  An ironbound preserver (Vaults:1)
  2 deep elf annihilators (Elf:3)
  A deep elf knight (Elf:1)
  6 deep trolls
  2 orc knights
  A manticore (Shoals:4)
  A demonic crawler (Lair:3)
  A meliai (Spider:1)
  A slime creature (D:15)
  A water elemental (Shoals:2)
  3 redbacks
  An orc priest (Orc:2)
  An orc wizard (Orc:2)
22 creatures vanquished.

Vanquished Creatures (others)
  Margery (Vaults:3)
  A harpy (Shoals:4)
  A deep elf zephyrmancer (Elf:2)
  A freezing wraith (D:13)
  An orc (Orc:2)
  21 fungi
  106 plants
132 creatures vanquished.

Grand Total: 1383 creatures vanquished

Notes
Turn   | Place    | Note
-------+----------+-------------------------------------------
     0 | D:1      | Zonian the Demonspawn Gladiator began the quest for the
                  | Orb.
     0 | D:1      | Reached XP level 1. HP: 16/16 MP: 1/1
   166 | D:1      | Found a faded altar of an unknown god.
   372 | D:1      | Gained mutation: You may rarely emit foul miasma when
                  | damaged in melee. [demonic ancestry]
   372 | D:1      | Reached XP level 2. HP: 6/22 MP: 2/2
  1075 | D:2      | Reached XP level 3. HP: 24/28 MP: 3/3
  2008 | D:2      | Gained mutation: You have a somewhat thin skeletal
                  | structure. (Dex +2, Stealth+) [demonic ancestry]
  2008 | D:2      | Reached XP level 4. HP: 34/34 MP: 4/4
  2047 | D:2      | Found a runed translucent door.
  2048 | D:2      | Noticed Crazy Yiuf
  2235 | D:3      | Noticed a bullfrog
  2253 | D:3      | Killed a bullfrog
  2254 | D:3      | Reached skill level 3 in Fighting
  2254 | D:3      | Reached XP level 5. HP: 31/41 MP: 5/5
  2389 | D:3      | Found Iskej's Jewellery Boutique.
  3091 | D:3      | Found a runed translucent door.
  3093 | D:3      | Noticed Adrian566's ghost (amateur DsFi)
  3371 | D:4      | Noticed a phantom
  3396 | D:4      | Killed a phantom
  3397 | D:4      | Gained mutation: You have large cloven feet. [demonic
                  | ancestry]
  3397 | D:4      | Reached XP level 6. HP: 20/47 MP: 6/6
  4585 | D:4      | Reached skill level 4 in Fighting
  4702 | D:4      | Found a sacrificial altar of Ru.
  4702 | D:4      | Found an opulent altar of Gozag.
  4899 | D:4      | Became a worshipper of Gozag Ym Sagoz the Greedy
  4954 | D:5      | Entered Level 5 of the Dungeon
  4954 | D:5      | Noticed Eustachio
  5387 | D:5      | Killed Eustachio
  5388 | D:5      | Reached XP level 7. HP: 48/55 MP: 7/7
  6013 | D:5      | Reached skill level 5 in Short Blades
  6133 | D:5      | Reached skill level 5 in Fighting
  6133 | D:5      | Reached skill level 5 in Dodging
  6694 | D:5      | Noticed Grinder
  6716 | D:5      | Killed Grinder
  6717 | D:5      | Gained mutation: You have hoof-like feet. [demonic
                  | ancestry]
  6717 | D:5      | Reached XP level 8. HP: 53/63 MP: 8/8
  6723 | D:5      | Noticed Blork the orc
  6733 | D:5      | Killed Blork the orc
  6925 | D:5      | Found a burning altar of Makhleb.
  7043 | D:6      | Found Onge's Antique Weapon Emporium.
  7053 | D:6      | Bought a polished rapier for 243 gold pieces
  7053 | D:6      | Identified the +11 rapier "Zulon" {vorpal, *Noise rN+++
                  | Str-2 Int+4} (You bought it in a shop on level 6 of the
                  | Dungeon)
  7083 | D:6      | Found Kilop's Distillery.
  7137 | D:6      | Bought a potion of heal wounds for 55 gold pieces
  7137 | D:6      | Bought a potion of might for 44 gold pieces
  7137 | D:6      | Bought a potion of magic for 88 gold pieces
  7188 | D:6      | Found Zeamnar's Antique Armour Shoppe.
  7201 | D:6      | Reached skill level 6 in Fighting
  7281 | D:6      | Found a snail-covered altar of Cheibriados.
  7288 | D:6      | Noticed a two-headed ogre
  7303 | D:6      | Killed a two-headed ogre
  7304 | D:6      | Gained mutation: You have a moderately thin skeletal
                  | structure. (Dex +4, Stealth++) [demonic ancestry]
  7304 | D:6      | Reached XP level 9. HP: 22/71 MP: 9/9
  7873 | D:6      | Reached skill level 7 in Fighting
  7913 | D:6      | Found a runed translucent door.
  8059 | D:6      | Noticed apoch's ghost (novice TrTm)
  8099 | D:6      | Found a shimmering altar of Xom.
  8102 | D:6      | Found a hide-covered altar of Uskayaw.
  8105 | D:6      | Found an ancient bone altar of Kikubaaqudgha.
  8150 | D:6      | Found Hudghyc's Magic Scroll Boutique.
  8153 | D:6      | Bought a scroll of teleportation for 36 gold pieces
  8153 | D:6      | Bought a scroll of identify for 24 gold pieces
  8153 | D:6      | Bought a scroll of fear for 48 gold pieces
  8332 | D:6      | Found an iron altar of Okawaru.
  8332 | D:6      | Found a bloodstained altar of Trog.
  8372 | D:6      | Found Sige Tile's Distillery.
  9571 | D:7      | Found an ornate altar of the Wu Jian Council.
  9653 | D:7      | Found a basalt altar of Yredelemnul.
  9674 | D:7      | Found a staircase to the Ecumenical Temple.
  9755 | D:8      | Reached skill level 8 in Fighting
 10325 | D:8      | Reached skill level 1 in Stealth
 10502 | D:6      | Bought a potion of curing for 42 gold pieces
 10502 | D:6      | Bought a potion of haste for 140 gold pieces
 10502 | D:6      | Bought a potion of heal wounds for 70 gold pieces
 10502 | D:6      | Bought a potion of curing for 42 gold pieces
 10605 | D:8      | Reached XP level 10. HP: 81/81 MP: 10/10
 10674 | D:8      | Found a broken altar of Ashenzari.
 11113 | D:9      | Identified the +2 ring mail "Rehon" {Slay+2}
 11543 | D:9      | Reached skill level 9 in Fighting
 11735 | D:9      | Found a staircase to the Orcish Mines.
 11750 | D:9      | Identified the +3 leather armour of the Old and Reckless
                  | {Will+ Regen+}
 11894 | D:10     | Entered Level 10 of the Dungeon
 11947 | D:10     | Found a staircase to the Lair.
 11947 | D:10     | Noticed a death yak
 11947 | D:10     | Noticed a death yak
 12531 | D:10     | Gained mutation: You have an unnaturally thin skeletal
                  | structure. (Dex +6, Stealth+++) [demonic ancestry]
 12531 | D:10     | Reached XP level 11. HP: 89/89 MP: 11/11
 12556 | D:10     | Found a blossoming altar of Fedhas.
 12581 | D:10     | Noticed a death yak
 12607 | D:10     | Killed a death yak
 12608 | D:10     | Reached skill level 5 in Stealth
 12618 | D:10     | Killed a death yak
 12640 | D:10     | Killed a death yak
 13067 | Lair:1   | Entered Level 1 of the Lair of Beasts
 13132 | Lair:1   | Found a runed translucent gate.
 13132 | Lair:1   | Found a runed translucent gate.
 13133 | Lair:1   | Found a runed translucent gate.
 13133 | Lair:1   | Noticed Bronimir's ghost (journeyman OgFE)
 13174 | Lair:1   | Reached skill level 10 in Fighting
 13930 | Lair:2   | Noticed Sonja
 13991 | Lair:2   | Killed Sonja
 14094 | Lair:2   | Noticed a four-headed hydra
 14102 | Lair:2   | Killed a four-headed hydra
 14284 | Lair:2   | Noticed Gastronok
 14333 | Lair:2   | Killed Gastronok
 14334 | Lair:2   | Reached skill level 10 in Short Blades
 14334 | Lair:2   | Reached skill level 10 in Dodging
 14662 | Lair:2   | Noticed a five-headed hydra
 14728 | Lair:2   | Gained mutation: You sometimes emit foul miasma when
                  | damaged in melee. [demonic ancestry]
 14728 | Lair:2   | Reached XP level 12. HP: 89/99 MP: 8/12
 14773 | Lair:2   | Killed a five-headed hydra
 15539 | D:3      | Bought the ring of Lyes Dusch {Fly rElec rC+ Dex+2} for 588
                  | gold pieces
 15826 | Lair:3   | Noticed Amaemon
 15841 | Lair:3   | Killed Amaemon
 15842 | Lair:3   | Reached skill level 11 in Fighting
 15908 | Lair:3   | Noticed Josephine
 15959 | Lair:3   | Noticed Urug
 16061 | Lair:3   | Noticed Fannar
 16432 | Lair:3   | Killed Josephine
 16481 | Lair:3   | Killed Fannar
 16662 | Lair:3   | Noticed an eight-headed hydra
 16669 | Lair:3   | Killed an eight-headed hydra
 17109 | Lair:3   | Found a hole to the Spider Nest.
 17178 | Lair:3   | Found a staircase to the Shoals.
 17615 | Lair:4   | Noticed a catoblepas
 17698 | Lair:4   | Identified the +1 rapier of Youthful Indiscretion {freeze,
                  | Fly rCorr Dex+3}
 17769 | Lair:4   | Noticed a six-headed hydra
 17794 | Lair:4   | Killed a six-headed hydra
 17795 | Lair:4   | Reached skill level 12 in Fighting
 18209 | Lair:4   | Killed a catoblepas
 18219 | Lair:4   | Noticed a catoblepas
 18228 | Lair:4   | Killed a catoblepas
 18229 | Lair:4   | Reached XP level 13. HP: 56/108 MP: 7/13
 18678 | Lair:4   | Noticed Nessos
 18710 | Lair:4   | Killed Nessos
 18994 | Lair:4   | Identified a scroll of acquirement
 18995 | Lair:4   | Acquired the ring of Nicwuom {rPois rN+ Dex+6 Slay+2}
 19191 | Lair:5   | Entered Level 5 of the Lair of Beasts
 19203 | Lair:5   | Found a viscous altar of Jiyva.
 19204 | Lair:5   | Found a staircase to the Slime Pits.
 19391 | Lair:5   | Found a dark tunnel.
 20088 | Lair:5   | Reached skill level 1 in Armour
 20088 | Lair:5   | Reached skill level 1 in Evocations
 20340 | Lair:5   | Noticed a fire dragon
 20350 | Lair:5   | Killed a fire dragon
 20366 | Lair:5   | Got the Reference Book on Putrescence
 20809 | D:11     | Gained mutation: A weak demonic guardian rushes to your
                  | aid. [demonic ancestry]
 20809 | D:11     | Reached XP level 14. HP: 116/116 MP: 14/14
 20986 | D:11     | Reached skill level 5 in Evocations
 21501 | D:11     | Bought a jewelled helmet for 209 gold pieces
 21501 | D:11     | Identified the +2 helmet of Happy Babbling {Rampage *Slow
                  | rElec rCorr} (You bought it in a shop on level 11 of the
                  | Dungeon)
 22579 | D:13     | Found a gate leading to a gauntlet.
 22601 | Gauntlet | Entered a Gauntlet
 22601 | Gauntlet | Found a transporter.
 22601 | Gauntlet | Found a transporter.
 22620 | Gauntlet | Found a transporter.
 22624 | Gauntlet | Found a transporter.
 22678 | Gauntlet | Found a transporter.
 22680 | Gauntlet | Found a transporter.
 22692 | Gauntlet | Found a transporter.
 22694 | Gauntlet | Found a transporter.
 22696 | Gauntlet | Found a large runed translucent door.
 22697 | Gauntlet | Found a large runed translucent door.
 22698 | Gauntlet | Found a large runed translucent door.
 22698 | Gauntlet | Found a large runed translucent door.
 22698 | Gauntlet | Found a runed translucent door.
 22698 | Gauntlet | Found a runed translucent door.
 22699 | Gauntlet | Found a large runed translucent door.
 22700 | Gauntlet | Found a large runed translucent door.
 22701 | Gauntlet | Found a large runed translucent door.
 22701 | Gauntlet | Found a large runed translucent door.
 22702 | Gauntlet | Found a runed translucent gate.
 22702 | Gauntlet | Found a runed translucent gate.
 22702 | Gauntlet | Found a runed translucent gate.
 22704 | Gauntlet | Found a transporter.
 22782 | Gauntlet | Found a transporter.
 22784 | Gauntlet | Found a large runed translucent door.
 22785 | Gauntlet | Found a large runed translucent door.
 22786 | Gauntlet | Found a large runed translucent door.
 22786 | Gauntlet | Found a large runed translucent door.
 22787 | Gauntlet | Found a large runed translucent door.
 22859 | Gauntlet | Found a transporter.
 22964 | Gauntlet | Found a transporter.
 22991 | Gauntlet | Identified the ring "Seschulim" {rN+ Str+2 Dex-4 SInv}
 23046 | Gauntlet | Identified the ring "Zoamiegh" {rPois Str+6 Stlth+}
 23118 | Gauntlet | Identified the +2 ring mail of the Vacuum {-Tele Fly Int+6
                  | Dex+3}
 23120 | Gauntlet | Identified the +1 cloak "Xatokk" {Fly rCorr}
 23121 | Gauntlet | Got the Cyclopedia of Fixation
 23268 | D:13     | Reached skill level 13 in Fighting
 23745 | D:14     | Identified the -2 kite shield "Duqonias" {Str+3}
 23749 | D:14     | Found a gate to the Vaults.
 24014 | D:14     | Reached skill level 14 in Fighting
 24028 | D:15     | Entered Level 15 of the Dungeon
 24564 | D:15     | Found a staircase to the Depths.
 24564 | D:15     | Noticed a stone giant
 24565 | D:15     | Killed a stone giant
 24628 | D:15     | Found a bloodstained altar of Trog.
 25175 | D:15     | Reached skill level 15 in Fighting
 25498 | Orc:1    | Entered Level 1 of the Orcish Mines
 25498 | Orc:1    | Noticed an orc warlord
 26207 | D:9      | Killed an orc warlord
 26380 | Orc:1    | Reached XP level 15. HP: 111/129 MP: 15/15
 26892 | Orc:2    | Entered Level 2 of the Orcish Mines
 26892 | Orc:2    | Noticed an orc warlord
 26929 | Orc:1    | Killed an orc warlord
 27302 | Orc:2    | Found a shimmering altar of Xom.
 27618 | Orc:2    | Reached skill level 16 in Fighting
 27742 | Orc:2    | Paralysed by an orc sorcerer for 3 turns
 27809 | Orc:2    | Found Durr's Book Emporium.
 27848 | Orc:2    | Found Ypsomab's Armour Emporium.
 27850 | Orc:2    | Found Vanam's Weapon Shop.
 27850 | Orc:2    | Found Fauskesm's Book Shop.
 27866 | Orc:2    | Bought a book of Blood for 476 gold pieces
 27978 | Orc:2    | Found a staircase to the Elven Halls.
 28220 | D:9      | Upgraded the game from 0.29.0-13-gc9e81de378 to
                  | 0.29.0-15-g675c0067aa
 28544 | Orc:2    | Bought Great Wizards, Vol. II for 532 gold pieces
 28548 | Orc:2    | Learned a level 3 spell: Vampiric Draining
 28760 | Spider:1 | Entered Level 1 of the Spider Nest
 28760 | Spider:1 | Noticed Donald
 28783 | Lair:3   | Reached skill level 1 in Necromancy
 29273 | D:6      | Bought a buckler for 144 gold pieces
 29451 | Lair:3   | Killed Urug
 29478 | Lair:3   | Killed Donald
 29610 | Lair:3   | Reached skill level 1 in Shields
 31652 | Spider:1 | Reached skill level 17 in Fighting
 32021 | Spider:1 | Found the brooch of Shielding {Spirit SH+8}
 32045 | Spider:1 | Reached skill level 5 in Necromancy
 32600 | Spider:2 | Noticed an emperor scorpion
 32647 | Spider:2 | Reached skill level 1 in Spellcasting
 32691 | Spider:2 | Learned a level 5 spell: Borgnjor's Vile Clutch
 32739 | Spider:2 | Noticed gelatine's ghost (journeyman MiFi)
 32753 | Spider:2 | Found a transporter.
 32771 | Spider:2 | Found a transporter.
 32902 | Spider:2 | Killed an emperor scorpion
 33355 | Spider:3 | Gained mutation: You have hooves in place of feet. [demonic
                  | ancestry]
 33355 | Spider:3 | Reached XP level 16. HP: 141/141 MP: 19/19
 33694 | Spider:3 | Reached skill level 5 in Shields
 34473 | Spider:4 | Entered Level 4 of the Spider Nest
 34538 | Spider:4 | Reached skill level 1 in Earth Magic
 36104 | Spider:4 | Got a gossamer rune of Zot
 36219 | Spider:4 | Reached skill level 5 in Spellcasting
 36378 | Spider:4 | Reached skill level 18 in Fighting
 36382 | Spider:4 | Acquired Xugoreje's Spellcasting, Part Two
 36387 | Spider:4 | Learned a level 2 spell: Blink
 36500 | Shoals:1 | Entered Level 1 of the Shoals
 36651 | Shoals:1 | Reached skill level 1 in Translocations
 37351 | Shoals:2 | Found a frozen archway.
 37637 | Shoals:2 | Reached XP level 17. HP: 149/149 MP: 25/25
 37693 | Shoals:2 | Reached skill level 5 in Earth Magic
 39050 | Shoals:3 | Found Tidal's Tempting Trifles.
 39059 | Shoals:3 | Bought a throwing net for 36 gold pieces
 39498 | Shoals:4 | Entered Level 4 of the Shoals
 39498 | Shoals:4 | Found Wiwnoc's Antique Weapon Shoppe.
 39855 | Shoals:4 | Reached skill level 10 in Necromancy
 40051 | Shoals:4 | Reached skill level 5 in Translocations
 40087 | Shoals:4 | Noticed Polyphemus
 40104 | Shoals:4 | Killed Polyphemus
 40378 | Shoals:4 | Identified the +7 demon blade of Action {vamp, Int+5}
 41098 | Shoals:4 | Reached skill level 1 in Long Blades
 41313 | Shoals:4 | Got a barnacled rune of Zot
 41539 | Shoals:4 | Found the dreamshard necklace {*Dream Drain}
 42176 | Vaults:1 | Entered Level 1 of the Vaults
 42226 | Vaults:1 | Learned a level 2 spell: Wereblood
 42511 | Shoals:3 | Bought a manual of Transmutations for 960 gold pieces
 42854 | Vaults:1 | Gained mutation: A demonic guardian rushes to your aid.
                  | [demonic ancestry]
 42854 | Vaults:1 | Reached XP level 18. HP: 157/157 MP: 30/30
 42928 | Vaults:1 | Noticed Asterion
 42929 | Vaults:1 | Reached skill level 1 in Transmutations
 42941 | Vaults:1 | Identified the +8 arbalest of Excruciating Pain {vorpal,
                  | rF++ rN+ MP+9}
 42958 | D:14     | Killed Asterion
 43450 | Vaults:1 | Identified the +4 arbalest of Corruption {elec, Fragile
                  | rF+++ rCorr Dex+4}
 43972 | Vaults:1 | Noticed Aizul
 43978 | Vaults:1 | Killed Aizul
 44397 | Vaults:2 | Reached skill level 5 in Transmutations
 44505 | Vaults:2 | Found a flickering gateway to a bazaar.
 44540 | Bazaar   | Entered a bazaar
 44540 | Bazaar   | Found Kazehoe's Weapon Shop.
 44540 | Bazaar   | Found Jungyly's Antique Armour Shop.
 44540 | Bazaar   | Found Keoma's General Store.
 44549 | Bazaar   | Bought a scroll of teleportation for 54 gold pieces
 44549 | Bazaar   | Bought a potion of heal wounds for 90 gold pieces
 44549 | Bazaar   | Bought a wand of roots (7) for 302 gold pieces
 44596 | Vaults:2 | Found a runed translucent gate.
 44596 | Vaults:2 | Found a runed translucent gate.
 44596 | Vaults:2 | Found a runed translucent gate.
 44596 | Vaults:2 | Noticed a tentacled monstrosity
 44597 | Vaults:2 | Noticed a tentacled monstrosity
 44598 | Vaults:2 | Noticed a tentacled monstrosity
 44812 | Vaults:2 | Reached skill level 5 in Long Blades
 44926 | Vaults:2 | Found a staircase to the Crypt.
 44926 | Vaults:2 | Found an ancient bone altar of Kikubaaqudgha.
 44927 | Vaults:2 | Found a basalt altar of Yredelemnul.
 46326 | Elf:1    | Entered Level 1 of the Elven Halls
 46763 | Elf:1    | You are sucked into a shaft and drop 1 floor!
 46785 | Elf:2    | Found a runed translucent gate.
 46785 | Elf:2    | Found a runed translucent gate.
 46785 | Elf:2    | Found a runed translucent gate.
 46816 | Elf:2    | Reached XP level 19. HP: 159/160 MP: 31/31
 47483 | Elf:1    | Found a shimmering blue altar of Sif Muna.
 48196 | Elf:2    | Found Akudu's Antique Armour Emporium.
 48336 | Elf:2    | Found a transporter.
 48357 | Elf:2    | Noticed Kyerol's ghost (adept TeSu)
 48358 | Elf:2    | Found a bloodstained altar of Trog.
 48375 | Elf:2    | Found a transporter.
 48895 | Elf:2    | Identified the +6 chain mail of the Lily {-Cast +Inv rF++}
 49122 | Elf:3    | Entered Level 3 of the Elven Halls
 49149 | Elf:3    | Acquired 1112 gold pieces
 50517 | Elf:3    | Reached skill level 10 in Long Blades
 50675 | Elf:3    | Identified the +5 long sword of Icoebom {antimagic, Str+4}
 50770 | Elf:3    | Noticed a Brimstone Fiend
 51065 | Elf:3    | Identified the +9 lajatang "Myos Sas" {vamp, Dex+3}
 51236 | Elf:3    | Identified the +12 double sword of Annihilation {freeze,
                  | rElec rPois Int+4 Dex-3}
 51829 | Elf:3    | Identified the +4 ring mail of Chill Winds {rElec rF++}
 51837 | Elf:3    | Reached skill level 10 in Earth Magic
 51872 | Elf:3    | Identified the +0 chain mail "Wysy" {rN+ rCorr}
 51874 | Elf:3    | Identified the +3 dire flail of Embarrassment {venom, rF+
                  | rN++}
 51884 | Elf:3    | Identified the +10 hand axe "Gema" {vorpal, rElec}
 53231 | Vaults:2 | Found a runed translucent gate.
 53231 | Vaults:2 | Found a runed translucent gate.
 53234 | Vaults:2 | Found a runed translucent gate.
 53242 | Vaults:2 | Noticed Jase's ghost (adept MiFi)
 53308 | Vaults:3 | Noticed Mennas
 53336 | Vaults:3 | Killed Mennas
 53337 | Vaults:3 | Gained mutation: A powerful demonic guardian rushes to your
                  | aid. [demonic ancestry]
 53337 | Vaults:3 | Reached XP level 20. HP: 72/171 MP: 32/32
 54233 | Vaults:3 | Noticed Margery
 54699 | Vaults:3 | Killed Margery
 54701 | Vaults:3 | Noticed Jory
 54712 | Vaults:3 | Noticed Zenata
 54867 | Vaults:3 | Learned a level 6 spell: Death Channel
 55038 | Vaults:3 | Killed Zenata
 55329 | Vaults:3 | Noticed Mara
 55339 | Vaults:3 | Noticed Zonian's illusion
 55343 | Vaults:3 | Killed Mara
 55529 | Vaults:3 | Mangled by a dire elephant

Illustrated notes

Levels and vault maps discovered:
D:1:      amcnicky_arrival_single_pillar, layout_rooms,
          shapermc_ecumenical_altar_venn
D:2:      layout_basic, uniq_crazy_yiuf_cottage
D:3:      wad_crossroads, layout_rooms, ebering_ghost_inner_flame, serial_shops,
          nicolae_diamond_shop, nicolae_kite_square_tiling_tiny,
          serial_bayou_ford_a, kennysheep_generic_room_7
D:4:      layout_loops_ring, amethyst_overflow_temple_binary
D:5:      layout_rooms, makhleb_grotto_becter, uniq_eustachio, uniq_grinder,
          uniq_blork_the_orc
D:6:      layout_layer_cave, grunt_temple_overflow_bloody_war,
          grunt_temple_overflow_cloverleaf, serial_shops, shop, shop,
          nicolae_shop_statue_plus, shop_statue, shop, ebering_ghost_sewer_d
D:7:      layout_cave_pools, nicolae_overflow_hidden_temple,
          mainiacjoe_overflow_catwalk, minmay_temple_entry_antechambers
D:8:      minmay_general_purpose_star, layout_rooms, cheibrodos_ashenzari_chains
D:9:      layout_roguey, david_orc_3
D:10:     layout_basic, mainiacjoe_overflow_concentric_impassable,
          mainiacjoe_overflow_small_starburst, dpeg_lair_monsters
D:11:     layout_basic, mumra_transporter_accident
D:12:     layout_small_grid, minmay_misc_feat_more_columns
D:13:     layout_roguey, gauntlet_entry_generic
D:14:     layout_gridville, david_vaults_2, serial_bayou_pond_e,
          nicolae_concentric_dashed_squares_wild
D:15:     hangedman_depths_entry_civil_slaughter, layout_layer_cave, bloody_trog
Lair:1:   layout_regular_city, ebering_ghost_rock_garden, grunt_megastairs_4
Lair:2:   minmay_lair_oklob_tunnel, layout_cave_pods, uniq_sonja,
          uniq_gastronok, uniq_nergalle
Lair:3:   layout_gridlike, elwin_shoals_entry_rooms,
          spider_nest_entry_web_field, uniq_josephine, uniq_amaemon, uniq_urug,
          uniq_fannar
Lair:4:   layout_hall_layers, uniq_nessos
Lair:5:   guppyfry_lair_end_dragon, layout_cave_shapes,
          hangedman_lair_in_review, slime_entry_1, enter_volcano_4,
          lemuel_fruit_fields
Shoals:1: layout_shoals
Shoals:2: layout_shoals, portal_ice_cave_entry_ugly_swarm,
          nicolae_shoals_land_atoll
Shoals:3: layout_shoals, abandoned_shop, nicolae_shoals_lost_giant_baths,
          nicolae_alphabet_shops, dpeg_stationary_puzzle
Shoals:4: shoals_end_simple, layout_shoals, serial_shops,
          nicolae_shop_statue_plus, kb_tengu_band, uniq_polyphemus
Spider:1: layout_spider_delve, uniq_donald
Spider:2: layout_spider_delve, gammafunk_ghost_berserking_beasts, drop_trap
Spider:3: layout_cave_pods
Spider:4: hellmonk_spider_rune_endless_swarm, nicolae_spider_paper_wasps
Orc:1:    layout_caves, mines_bat_river
Orc:2:    st_orc_elflike, layout_diamond_mine, basic_altar
Elf:1:    layout_gridlike, basic_altar, minmay_elf_crystal_heptagon,
          nicolae_elf_stone_circles, minivault_5
Elf:2:    elven_hall_of_blades_hangedman_original
          [nicolae_blade_entry_hurt_lockers], layout_loops_ring,
          gammafunk_ghost_wrathful_warriors, serial_shops, nicolae_diamond_shop,
          guppyfry_elf_castle
Elf:3:    minmay_elf_hall_statues, layout_geoelf_octagon
Vaults:1: lightli_enter_wizlab_magi_temple, nicolae_vaults_quartermaster,
          grunt_vaults_hallway_long, v_misc_1, hangedman_vaults_slither,
          hangedman_vaults_trim, v_misc_15, vaults_dpeg_diagonal,
          vaults_room_semicircle, nicolae_vaults_yaktaur_gun_rack,
          nicolae_vaults_little_squares_1, nicolae_vaults_alarming,
          vaults_mumra_hexcomb, v_misc_8, ontoclasm_vaults_idyll,
          ontoclasm_vaults_decontamination, nicolae_vaults_little_squares_1,
          layout_vaults_omnibox, uniq_asterion, uniq_aizul
Vaults:2: ploomutoo_gammafunk_ghost_potion_laboratory, ontoclasm_vaults_echo,
          grunt_vaults_funnel, v_misc_5, hangedman_vaults_slice,
          vaults_room_fours, v_misc_16, nicolae_vaults_shelves_hall,
          nicolae_vaults_theta, grunt_vaults_swirl, vaults_room_corners,
          layout_vaults_quadrants, minmay_crypt_entry_necro_gods, serial_shops,
          bzr_entry_customers
Vaults:3: nicolae_vaults_little_ls, vaults_standard_mumra_lines, v_misc_16,
          v_alt_pattern_4, vaults_standard_mumra_x, hangedman_vaults_river_flow,
          vaults_room_door_ring, grunt_vaults_hallway_short,
          dpeg_vaults_monster_box, layout_vaults_chaotic_city, uniq_margery,
          uniq_zenata, uniq_mara, uniq_mennas, uniq_jory

Skill      XL: |  1  2  3  4  5  6  7  8  9 10 11 12 13 14 15 16 17 18 19 20 |
---------------+-------------------------------------------------------------+-----
Throwing       | 2 3 |  3.0
Short Blades   | 3 4 5 6 8 9 10 11 14 | 14.0
Dodging        | 3 4 5 6 8 9 10 11 | 11.0
Fighting       | 3 4 5 6 8 9 10 12 15 17 18 | 18.9
Stealth        | 1 4 7 8 |  8.0
Armour         | 3 4 |  4.0
Evocations     | 4 8 |  8.0
Necromancy     | 5 9 11 12 13 14 | 14.1
Shields        | 4 5 |  5.0
Spellcasting   | 2 5 8 |  8.0
Earth Magic    | 4 7 8 10 | 10.8
Translocations | 2 6 8 |  8.0
Long Blades    | 2 7 10 11 | 11.2
Transmutations | 8 |  8.0

Action                   |  1- 3 |  4- 6 |  7- 9 | 10-12 | 13-15 | 16-18 | 19-21 || total
-------------------------+-------+-------+-------+-------+-------+-------+-------++-------
Melee: Rapier            |   138 |   166 |   192 |   525 |  1208 |  1161 |   100 ||  3490
       Punch             |       |     3 |       |     7 |    15 |       |       ||    25
       Kick              |       |    22 |    61 |   200 |    14 |   663 |   251 ||  1211
       Demon blade       |       |       |       |       |       |   201 |   285 ||   486
       Double sword      |       |       |       |       |       |       |   147 ||   147
Throw: Throwing net      |     2 |       |     3 |       |       |       |     3 ||     8
       Dart              |       |       |       |     5 |    26 |     2 |     3 ||    36
       Boomerang         |       |       |       |     5 |     1 |       |       ||     6
       Javelin           |       |       |       |       |       |     3 |     6 ||     9
 Cast: Vampiric Draining |       |       |       |       |       |     9 |     4 ||    13
       Wereblood         |       |       |       |       |       |     5 |       ||     5
       Blink             |       |       |       |       |       |     1 |     6 ||     7
       Borgnjor's Vile C |       |       |       |       |       |       |    12 ||    12
Invok: Call Merchant     |       |       |       |       |     1 |       |       ||     1
       Potion Petition   |       |       |       |       |       |       |     8 ||     8
Evoke: Wand              |       |       |     1 |     2 |     4 |     5 |     2 ||    14
       Tin of tremorston |       |       |       |     2 |     2 |     3 |       ||     7
       Lightning rod     |       |       |       |       |       |     4 |     4 ||     8
       Phantom mirror    |       |       |       |       |       |       |     1 ||     1
  Use: Scroll            |     7 |     8 |     6 |     9 |     6 |     7 |    11 ||    54
       Potion            |       |     1 |     2 |     1 |     4 |    12 |    10 ||    30
 Stab: Held in net/web   |     1 |       |     1 |       |     1 |       |     2 ||     5
       Sleeping          |     1 |    10 |     9 |    20 |    31 |    60 |    23 ||   154
       Distracted        |       |       |     2 |     9 |    29 |    54 |     6 ||   100
Armor: Leather armour    |    51 |    31 |    26 |    65 |   101 |    93 |    41 ||   408
       Skin              |       |       |     2 |       |       |       |       ||     2
       Ring mail         |       |       |       |     3 |       |       |       ||     3
Dodge: Dodged            |    94 |    95 |   130 |   385 |   784 |   754 |   308 ||  2550
       Repelled          |       |       |       |       |     5 |    11 |    15 ||    31
Block: Other             |       |       |       |       |    68 |       |       ||    68
       Reflection        |       |       |       |       |     2 |       |       ||     2
       Buckler           |       |       |       |       |   185 |   488 |   120 ||   793
